 Dungeon Crawl Stone Soup version 0.28.0 (webtiles) character file.

Game seed: 15775246306850559907

5672 Zeld the Thaumaturge (level 10, -5/50 HPs)
             Began as a Deep Elf Fire Elementalist on Feb 17, 2022.
             Was a Priest of Vehumet.
             Slain by a yak (12 damage)
             ... on level 9 of the Dungeon.
             The game lasted 00:09:11 (11698 turns).

Zeld the Thaumaturge (Deep Elf Fire Elementalist)  Turns: 11698, Time: 00:09:11

Health: -5/50      AC:  5    Str:  5    XL:     10   Next: 47%
Magic:  14/27      EV: 13    Int: 25    God:    Vehumet [***...]
Gold:   401        SH:  0    Dex: 15    Spells: 21/31 levels left

rFire   . . .      SeeInvis .   (no weapon)
rCold   . . .      Faith    .   (no shield)
rNeg    . . .      Spirit   .   k - +0 robe
rPois   .          Reflect  .   p - +0 helmet
rElec   .          Harm     .   q - +0 cloak
rCorr   .          Rampage  .   (no gloves)
Will    +....                   n - +0 pair of boots
Stlth   +++.......              (no amulet)
HPRegen 0.16/turn               (no ring)
MPRegen 0.20/turn               (no ring)

@: no status effects
A: no striking features
a: Renounce Religion


You were on level 9 of the Dungeon.
You worshipped Vehumet.
Vehumet was most pleased with you.
You visited 2 branches of the dungeon, and saw 10 of its levels.

You collected 401 gold pieces.

Inventory:

Hand Weapons
 a - a +4 short sword of chaos
Armour
 k - a +0 robe (worn)
 n - a +0 pair of boots (worn)
 p - a +0 helmet (worn)
 q - a +0 cloak (worn)
Wands
 c - a wand of paralysis (8)
 m - a wand of iceblast (14)
 s - a wand of flame (74)
 t - a wand of polymorph (1)
 x - a wand of charming (10)
Scrolls
 b - 6 scrolls of identify
 f - 3 scrolls of teleportation
 j - 2 scrolls of enchant armour
 l - a scroll of brand weapon
Potions
 d - a potion of might {unknown}
 e - 5 potions of curing {unknown}
 g - 5 potions of berserk rage {unknown}
 h - a potion of heal wounds
 i - 3 potions of mutation {unknown}
 o - 2 potions of brilliance {unknown}
 r - a potion of degeneration {unknown}
 v - 2 potions of invisibility {unknown}
 w - a potion of lignification {unknown}
 z - 2 potions of flight {unknown}


   Skills:
 * Level 6.8 Short Blades
 - Level 4.0 Dodging
 - Level 6.0 Stealth
 * Level 11.4 Spellcasting
 + Level 6.4 Conjurations
 * Level 9.8 Fire Magic


You had 21 spell levels left.
You knew the following spells:

 Your Spells              Type           Power      Damage    Failure   Level
a - Foxfire               Conj/Fire      100%       2x1d9     1%          1
b - Scorch                Fire           100%       2d10      1%          2
c - Inner Flame           Hex/Fire       38%        N/A       1%          3
d - Flame Wave            Conj/Fire      53%        2d11      1%          4

Your spell library contained the following spells:

 Spells                   Type           Power      Damage    Failure   Level
 Frozen Ramparts          Ice            28%        1d4       3%          3
 Conjure Flame            Conj/Fire      53%        6-21      1%          3
 Ignite Poison            Fire/Tmut/Pois 30%        N/A       1%          3
 Mephitic Cloud           Conj/Pois/Air  25%        N/A       1%          3
 Blink                    Tloc           28%        N/A       6%          2
 Lesser Beckoning         Tloc           14%        N/A       13%         3
 Tukima's Dance           Hex            14%        N/A       13%         3
 Freezing Cloud           Conj/Ice/Air   12%        6-21      13%         5
 Yara's Violent Unravell  Hex/Tmut       7%         3d5       28%         5
 Passage of Golubria      Tloc           14%        N/A       38%         4
 Iron Shot                Conj/Erth      15%        9d4       41%         6
 Manifold Assault         Tloc           14%        N/A       75%         5


Dungeon Overview and Level Annotations

Branches:
Dungeon (9/15)             Temple (1/1) D:4
   Lair: D:8-11         Orc: D:9-12

Altars:
Ashenzari
Cheibriados
Dithmenos
Elyvilon
Fedhas
Gozag
Hepliaklqana
Kikubaaqudgha
Makhleb
Nemelex Xobeh
Okawaru
Qazlal
Ru
Sif Muna
Trog
Uskayaw
Vehumet
Wu Jian
Xom
Yredelemnul
Zin
The Shining One

Annotations:
D:4 1 runed translucent door, browni3141's ghost, amateur MiBe


Message History

Unknown command.
A wave of flame ripples out!
The flame wave engulfs the yak.
The yak is heavily wounded.
The flame wave engulfs the yak!
The yak is severely wounded.
The yak gores you! x2
Unknown command.
Unknown command.
Unknown command.
A wave of flame ripples out!
The flame wave engulfs the yak!
The yak is severely wounded.
The flame wave engulfs the yak.
The yak is almost dead.
The flame wave engulfs the yak.
The yak is lightly wounded.
You finish channelling waves of flame.
The yak gores you! The yak gores you but does no damage.
Unknown command.
Casting: Flame Wave (safe; 1% risk of failure)
Confirm with . or Enter, or press ? or * to list all spells.
Casting: Flame Wave (safe; 1% risk of failure)
Press: ? - help, Dir - look around, f - activate A wave of flame ripples out!
The flame wave engulfs the yak!
The yak is almost dead.
The flame wave engulfs the yak!
You kill the yak!
Vehumet accepts your kill.
You feel your power returning. (Press . to intensify the flame waves.)
The yak gores you!
* * * LOW HITPOINT WARNING * * *
Unknown command.
Unknown command.
A wave of flame ripples out!
The flame wave engulfs the yak!
You kill the yak!
Vehumet accepts your kill.
You feel your power returning.
The flame wave engulfs the yak!
The yak is moderately wounded.
The yak gores you!
You die...

#..#....######..≈≈≈≈≈..#..Y.....
#..#.........##..≈≈≈..##.)......
#..#..........##..≈..##..#####..
...#...........##...##[..####
...'...........#..............
...#...........#..............
...#....##.....#...............
####....##(....#Y########......
#............@†.+ ......
#...............# ....##
#...............# ...#
#...............#
#..............##
#.........[....#
################


You could see a yak.

Vanquished Creatures
  A two-headed ogre (D:8)
  Pikel (D:6)
  A wyvern (D:9)
  4 humans (D:6)
  A steam dragon (D:8)
  4 yaks (D:9)
  Edmund (D:6)
  A black bear (D:7)
  A sky beast (D:8)
  2 necrophages
  3 ogres
  3 centaurs
  A lemure (D:6)
  A phantom (D:5)
  3 kobold brigands
  Blork the orc (D:4)
  2 bullfrogs (D:7)
  2 gnoll sergeants
  A wyvern zombie (D:6)
  2 scorpions
  3 killer bees (D:9)
  7 wights
  6 howler monkeys
  An electric eel (D:9)
  A bullfrog zombie (D:3)
  A jelly (D:4)
  A centaur zombie (D:9)
  3 orc priests
  A centaur skeleton (D:7)
  4 hounds
  Terence (D:2)
  Natasha (thrice) (D:4)
  3 iguanas
  5 orc wizards
  A killer bee zombie (D:8)
  A howler monkey zombie (D:6)
  12 gnolls
  A howler monkey skeleton (D:6)
  5 adders
  A shadow imp (D:6)
  2 worms
  4 dart slugs
  8 orcs
  11 ball pythons
  4 bats
  5 endoplasms
  2 giant cockroaches
  8 goblins
  7 hobgoblins
  6 jackals
  6 quokkas
  2 frilled lizards (D:2)
  15 kobolds
  7 rats
184 creatures vanquished.

Vanquished Creatures (others)
  376 foxfires
376 creatures vanquished.

Grand Total: 560 creatures vanquished

Notes
Turn   | Place    | Note
-------+----------+-------------------------------------------
     0 | D:1      | Zeld the Deep Elf Fire Elementalist began the quest for the
                  | Orb.
     0 | D:1      | Reached XP level 1. HP: 10/10 MP: 6/6
   283 | D:1      | Found a faded altar of an unknown god.
   358 | D:1      | Reached XP level 2. HP: 15/15 MP: 6/8
  1577 | D:2      | Reached XP level 3. HP: 19/19 MP: 7/10
  1580 | D:2      | Learned a level 2 spell: Scorch
  1584 | D:2      | Learned a level 3 spell: Inner Flame
  1867 | D:2      | Noticed Terence
  1875 | D:2      | Killed Terence
  1876 | D:2      | Reached skill level 4 in Spellcasting
  1880 | D:2      | Reached XP level 4. HP: 24/24 MP: 2/12
  2559 | D:3      | Identified the +9 whip of the Coward {spect, rF+}
  2628 | D:3      | Found a shadowy altar of Dithmenos.
  3107 | D:3      | Reached XP level 5. HP: 28/28 MP: 10/14
  3657 | D:4      | Found a staircase to the Ecumenical Temple.
  3682 | Temple   | Entered the Ecumenical Temple
  3701 | Temple   | Became a worshipper of Vehumet
  3958 | D:4      | Noticed Natasha
  3970 | D:4      | Killed Natasha
  3971 | D:4      | Reached skill level 5 in Spellcasting
  4005 | D:4      | Reached XP level 6. HP: 32/32 MP: 0/16
  4006 | D:4      | Noticed Blork the orc
  4128 | D:4      | Killed Blork the orc
  4129 | D:4      | Reached skill level 5 in Fire Magic
  4229 | D:4      | Found a runed translucent door.
  4292 | D:4      | Noticed Natasha
  4305 | D:4      | Killed Natasha
  4383 | D:4      | Noticed Natasha
  4414 | D:3      | Learned a level 4 spell: Flame Wave
  4540 | D:4      | Killed Natasha
  4726 | D:4      | Noticed browni3141's ghost (amateur MiBe)
  4762 | D:5      | Entered Level 5 of the Dungeon
  4812 | D:5      | Reached skill level 6 in Spellcasting
  4812 | D:5      | Reached XP level 7. HP: 36/36 MP: 4/18
  5033 | D:5      | Found a shimmering altar of Xom.
  5464 | D:5      | Reached skill level 7 in Spellcasting
  5649 | D:5      | Found a glowing golden altar of the Shining One.
  5778 | D:6      | Reached skill level 5 in Stealth
  5813 | D:6      | Noticed Edmund
  5826 | D:6      | Killed Edmund
  5827 | D:6      | Reached skill level 1 in Short Blades
  5827 | D:6      | Reached XP level 8. HP: 21/41 MP: 4/21
  5989 | D:6      | Noticed Pikel
  6025 | D:6      | Killed Pikel
  6026 | D:6      | Reached skill level 8 in Spellcasting
  6489 | D:6      | Found a burning altar of Makhleb.
  6493 | D:6      | Found a glowing silver altar of Zin.
  6493 | D:6      | Noticed an angel
  6495 | D:6      | Reached * piety under Vehumet
  6495 | D:6      | Offered knowledge of Sandblast by Vehumet.
  6496 | D:6      | Noticed an Executioner
  6622 | D:6      | Found an ornate altar of the Wu Jian Council.
  7070 | D:6      | Reached XP level 9. HP: 25/45 MP: 7/23
  7072 | D:6      | Reached skill level 9 in Spellcasting
  7225 | D:6      | Reached skill level 5 in Conjurations
  8056 | D:7      | Got the Handbook of Confrontation
  8373 | D:7      | Reached skill level 5 in Short Blades
  8698 | D:7      | Reached skill level 10 in Spellcasting
  8699 | D:7      | Offered knowledge of Static Discharge by Vehumet.
  8769 | D:7      | Reached ** piety under Vehumet
  9814 | D:8      | Reached XP level 10. HP: 43/50 MP: 13/26
 10001 | D:8      | Found a bloodstained altar of Trog.
 10464 | D:8      | Noticed a two-headed ogre
 10469 | D:8      | Killed a two-headed ogre
 10614 | D:8      | Offered knowledge of Frozen Ramparts by Vehumet.
 11020 | D:9      | Found a stormy altar of Qazlal.
 11158 | D:9      | Reached skill level 11 in Spellcasting
 11492 | D:9      | Reached *** piety under Vehumet
 11698 | D:9      | Slain by a yak

Illustrated notes

Levels and vault maps discovered:
D:1:      dpeg_arrival_circle_labyrinth_b, layout_loops_cross,
          hellmonk_ecumenical_altar_lost_god, chequers_serial_rivers_small_a,
          minmay_heptomino_o4
D:2:      minmay_angry_zag, layout_basic, minivault_19, minmay_cupped,
          uniq_terence
D:3:      layout_loops_ring, mainiacjoe_overflow_alcove_2
D:4:      layout_rooms, temple_fountains, ebering_ghost_reflecting_pool,
          uniq_natasha, uniq_blork_the_orc
D:5:      layout_loops_ring, tso_altar, amcnicky_altar_gilded
D:6:      layout_loops_ring, grunt_temple_overflow_order_and_chaos_2,
          nzn_wu_jian_contemplation, minmay_ruffians, uniq_edmund, uniq_pikel
D:7:      layout_loops_corners
D:8:      layout_basic, trog_three_pillars_becter
D:9:      layout_stronghold, lemuel_doored_altar, serial_column_ruins,
          column_ruins_open_small, column_ruins_grid_3,
          column_ruins_columns_dead_end, column_ruins_corridor_straight,
          column_ruins_open_tiny, column_ruins_corridor_dead_end,
          column_ruins_grid_1, amcnicky_mini_pool_medium
Temple:   eino_temple_water

Skill      XL: |  1  2  3  4  5  6  7  8  9 10 |
---------------+-------------------------------+-----
Dodging        | 3 4 |  4.0
Stealth        | 3 4 5 6 |  6.0
Spellcasting   | 4 5 6 7 8 10 11 | 11.4
Fire Magic     | 4 5 6 7 9 |  9.8
Conjurations   | 2 3 4 5 6 |  6.4
Short Blades   | 1 3 5 6 |  6.8

Action                   |  1- 3 |  4- 6 |  7- 9 | 10-12 || total
-------------------------+-------+-------+-------+-------++-------
Melee: Short sword       |       |     1 |     3 |       ||     4
       Unarmed           |       |    10 |       |       ||    10
 Cast: Foxfire           |    90 |   115 |    15 |    14 ||   234
       Scorch            |     6 |    25 |   157 |    42 ||   230
       Flame Wave        |       |       |     2 |     4 ||     6
  Use: Scroll            |       |       |     8 |     1 ||     9
 Stab: Sleeping          |       |       |     1 |       ||     1
Armor: Robe              |     5 |     5 |    17 |     5 ||    32
       Skin              |       |     1 |       |       ||     1
Dodge: Dodged            |    14 |    37 |    50 |    10 ||   111
